BSA
ST CHARLES SHEENS @ NEW ORLEANS LOOTERS
04/24/2029
 
TOP OF THE 1ST
St Charles Sheens batting - Pitching for New Orleans Looters : RHP Roy March
Pitching: RHP Roy March
Batting: RHB Miguel Palácios 0-0: Called Strike
0-1: Ball
1-1: SINGLE (Groundball, 6S) (infield hit)
Batting: RHB Jesús Hernández 0-0: Called Strike
0-1: Ball
1-1: Ball
2-1: Called Strike
2-2: SINGLE (Line Drive, 8LS)
Miguel Palácios to second
Runner from 2nd tries for 3rd, SAFE, throw made to third
Batting: RHB Judson Backstrom 0-0: Ball
1-0: Swinging Strike
1-1: Fly out, F8 (Flyball, 8RXD)
Runner from 3rd tags up, SCORES, no throw
Batting: RHB Sergio Pujols 0-0: Fly out, F3 (Line Drive, 3S)
Batting: LHB Larry Howard 0-0: Ball
Jesús Hernández steals 2nd base
1-0: Called Strike
1-1: Fly out, F8 (Flyball, 89D)
Top of the 1st over - 1 run, 2 hits, 0 errors, 1 left on base; St Charles 1 - New Orleans 0
BOTTOM OF THE 1ST
New Orleans Looters batting - Pitching for St Charles Sheens : LHP Paul Adams
Pitching: LHP Paul Adams
Batting: SHB Arturo Sánchez 0-0: Ball
1-0: Called Strike
1-1: SINGLE (Groundball, 4MD)
Batting: RHB Dave O'Loan 0-0: Grounds into double play, 6-4-3 (Groundball, 6)
Batting: RHB John Mendelson 0-0: Ball
1-0: Ball
2-0: Called Strike
2-1: TRIPLE (Flyball, 7LD)
Batting: RHB Salvador Salas 0-0: Ball
1-0: Foul Ball, location: 2F
1-1: Ball
2-1: Swinging Strike
2-2: Ball
3-2: Fly out, F9 (Flyball, 9LMF)
Bottom of the 1st over - 0 runs, 2 hits, 0 errors, 1 left on base; St Charles 1 - New Orleans 0
TOP OF THE 2ND
St Charles Sheens batting - Pitching for New Orleans Looters : RHP Roy March
Batting: RHB Rob Brady 0-0: Ball
1-0: Ball
2-0: Ball
3-0: Base on Balls
Batting: RHB Shawn Gutiérrez 0-0: Ball
1-0: Ball
2-0: SINGLE (Flyball, 7S)
Rob Brady to second
Batting: LHB Jason Lambert 0-0: Foul Ball, location: 2F
0-1: Grounds into double play, 4-6-3 (Groundball, 4)
Rob Brady to third
Batting: RHB Víctor Arredondo 0-0: Ball
1-0: Called Strike
1-1: Foul Ball, location: 2F
1-2: Ground out 5-3 (Groundball, 56S)
Top of the 2nd over - 0 runs, 1 hit, 0 errors, 1 left on base; St Charles 1 - New Orleans 0
BOTTOM OF THE 2ND
New Orleans Looters batting - Pitching for St Charles Sheens : LHP Paul Adams
Batting: LHB Tony Abete 0-0: Ball
1-0: Called Strike
1-1: Ball
2-1: Foul Ball, location: 2F
2-2: Ball
3-2: Strikes out swinging
Batting: LHB Eduardo Rodríguez 0-0: Ball
1-0: Foul Ball, location: 2F
1-1: Fly out, F9 (Flyball, 89M)
Batting: LHB Miguel Colón 0-0: Ball
1-0: Foul Ball, location: 2F
1-1: Called Strike
1-2: Strikes out swinging
Bottom of the 2nd over - 0 runs, 0 hits, 0 errors, 0 left on base; St Charles 1 - New Orleans 0
TOP OF THE 3RD
St Charles Sheens batting - Pitching for New Orleans Looters : RHP Roy March
Batting: RHB Miguel Palácios 0-0: Ball
1-0: Ball
2-0: Ball
3-0: Called Strike
3-1: Foul Ball, location: 2F
3-2: Ground out 6-3 (Groundball, 6)
Batting: RHB Jesús Hernández 0-0: Called Strike
0-1: Ball
1-1: Ball
2-1: Ball
3-1: Ground out 5-3 (Groundball, 56S)
Batting: RHB Judson Backstrom 0-0: Foul Ball, location: 2F
0-1: Fly out, F6 (Line Drive, 6)
Top of the 3rd over - 0 runs, 0 hits, 0 errors, 0 left on base; St Charles 1 - New Orleans 0
BOTTOM OF THE 3RD
New Orleans Looters batting - Pitching for St Charles Sheens : LHP Paul Adams
Batting: RHB Run-ming Zhu 0-0: Swinging Strike
0-1: Swinging Strike
0-2: Ball
1-2: Ball
2-2: Foul Ball, location: 2F
2-2: Foul Ball, location: 2F
2-2: Ball
3-2: Fly out, F9 (Flyball, 9D)
Batting: LHB Taylor Smith 0-0: Foul Ball, location: 2F
0-1: Ball
1-1: Ball
2-1: Swinging Strike
2-2: Ball
3-2: Strikes out swinging
Batting: SHB Arturo Sánchez 0-0: Ball
1-0: Ground out 6-3 (Groundball, 6)
Bottom of the 3rd over - 0 runs, 0 hits, 0 errors, 0 left on base; St Charles 1 - New Orleans 0
TOP OF THE 4TH
St Charles Sheens batting - Pitching for New Orleans Looters : RHP Roy March
Batting: RHB Sergio Pujols 0-0: Fly out, F9 (Flyball, 9)
Batting: LHB Larry Howard 0-0: Ball
1-0: Ball
2-0: Ball
3-0: Called Strike
3-1: Called Strike
3-2: Strikes out looking
Batting: RHB Rob Brady 0-0: Called Strike
0-1: Swinging Strike
0-2: Ball
1-2: Strikes out swinging
Top of the 4th over - 0 runs, 0 hits, 0 errors, 0 left on base; St Charles 1 - New Orleans 0
BOTTOM OF THE 4TH
New Orleans Looters batting - Pitching for St Charles Sheens : LHP Paul Adams
Batting: RHB Dave O'Loan 0-0: Called Strike
0-1: Ground out 6-3 (Groundball, 56)
Batting: RHB John Mendelson 0-0: DOUBLE (Flyball, 8RXD)
Batting: RHB Salvador Salas 0-0: Ball
1-0: Ball
2-0: Foul Ball, location: 2F
2-1: Ball
3-1: Base on Balls
Batting: LHB Tony Abete 0-0: Called Strike
0-1: Ball
1-1: Called Strike
1-2: Fly out, F7 (Flyball, 7)
Batting: LHB Eduardo Rodríguez 0-0: Ball
1-0: Ball
2-0: Foul Ball, location: 2F
2-1: Foul Ball, location: 2F
2-2: Ground out U3 (Groundball, 3)
Bottom of the 4th over - 0 runs, 1 hit, 0 errors, 2 left on base; St Charles 1 - New Orleans 0
TOP OF THE 5TH
St Charles Sheens batting - Pitching for New Orleans Looters : RHP Roy March
Batting: RHB Shawn Gutiérrez 0-0: Called Strike
0-1: Foul Ball, location: 2F
0-2: Ball
1-2: Ground out 6-3 (Groundball, 6)
Batting: LHB Jason Lambert 0-0: Ball
1-0: Called Strike
1-1: Fly out, F8 (Flyball, 8LM)
Batting: RHB Víctor Arredondo 0-0: Ball
1-0: Called Strike
1-1: Ball
2-1: Called Strike
2-2: Strikes out swinging
Top of the 5th over - 0 runs, 0 hits, 0 errors, 0 left on base; St Charles 1 - New Orleans 0
BOTTOM OF THE 5TH
New Orleans Looters batting - Pitching for St Charles Sheens : LHP Paul Adams
Batting: LHB Miguel Colón 0-0: Called Strike
0-1: Foul Ball, location: 2F
0-2: Ball
1-2: Ball
2-2: Fly out, F7 (Flyball, 78D)
Batting: RHB Run-ming Zhu 0-0: Called Strike
0-1: Ball
1-1: Ball
2-1: SINGLE (Flyball, 8LS)
Batting: LHB Taylor Smith 0-0: Ball
1-0: DOUBLE (Line Drive, 7LM)
Run-ming Zhu to third
Runner from 3rd tries for Home, SAFE, no throw
Batting: SHB Arturo Sánchez 0-0: Called Strike
0-1: Ball
1-1: Foul Ball, location: 2F
1-2: Strikes out swinging
Batting: RHB Dave O'Loan 0-0: Called Strike
0-1: Ball
1-1: Foul Ball, location: 2F
1-2: Ground out 6-3 (Groundball, 6)
Bottom of the 5th over - 1 run, 2 hits, 0 errors, 1 left on base; St Charles 1 - New Orleans 1
TOP OF THE 6TH
St Charles Sheens batting - Pitching for New Orleans Looters : RHP Roy March
Batting: RHB Miguel Palácios 0-0: Ball
1-0: Ball
2-0: Ground out 5-3 (Groundball, 56)
Batting: RHB Jesús Hernández 0-0: Ball
1-0: Ball
2-0: Called Strike
2-1: Swinging Strike
2-2: Ground out 5-3 (Groundball, 56)
Batting: RHB Judson Backstrom 0-0: Ball
1-0: Ball
2-0: Ball
3-0: Ground out 6-3 (Groundball, 6)
Top of the 6th over - 0 runs, 0 hits, 0 errors, 0 left on base; St Charles 1 - New Orleans 1
BOTTOM OF THE 6TH
New Orleans Looters batting - Pitching for St Charles Sheens : LHP Paul Adams
Batting: RHB John Mendelson 0-0: Foul Ball, location: 2F
0-1: Foul Ball, location: 2F
0-2: Strikes out looking
Batting: RHB Salvador Salas 0-0: Called Strike
0-1: Foul Ball, location: 2F
0-2: Strikes out swinging
Batting: LHB Tony Abete 0-0: Ball
1-0: Ball
2-0: Fly out, F9 (Flyball, 89XD)
Bottom of the 6th over - 0 runs, 0 hits, 0 errors, 0 left on base; St Charles 1 - New Orleans 1
TOP OF THE 7TH
St Charles Sheens batting - Pitching for New Orleans Looters : RHP Roy March
Batting: RHB Sergio Pujols 0-0: Ground out 5-3 (Groundball, 56)
Batting: LHB Larry Howard 0-0: Ball
1-0: Swinging Strike
1-1: Swinging Strike
1-2: Ball
2-2: Strikes out swinging
Pinch Hitting: LHB Kyle Harrison 0-0: Foul Ball, location: 2F
0-1: Ball
1-1: Ball
2-1: DOUBLE (Line Drive, 89XD)
Pinch Runner at 2nd Benny Richard:
Batting: RHB Shawn Gutiérrez 0-0: Ball
1-0: Ball
2-0: Called Strike
2-1: Ground out 6-3 (Groundball, 6)
Top of the 7th over - 0 runs, 1 hit, 0 errors, 1 left on base; St Charles 1 - New Orleans 1
BOTTOM OF THE 7TH
New Orleans Looters batting - Pitching for St Charles Sheens : LHP Paul Adams
Now at SS: Benny Richard
Pinch Hitting: SHB Oliver Deleón 0-0: Called Strike
0-1: Fly out, F4 (Popup, 4M)
Pinch Hitting: RHB Greg Handrahan 0-0: Foul Ball, location: 2F
0-1: Called Strike
0-2: Ball
1-2: Foul Ball, location: 2F
1-2: DOUBLE (Line Drive, 78D)
Batting: RHB Run-ming Zhu 0-0: Intentional Walk
Batting: LHB Taylor Smith 0-0: Called Strike
0-1: Foul Ball, location: 2F
0-2: Ground out 4-3 (Groundball, 4S)
Greg Handrahan to third
Run-ming Zhu to second
Batting: SHB Arturo Sánchez 0-0: Called Strike
0-1: Ball
1-1: SINGLE (Line Drive, 89S)
Greg Handrahan scores
Run-ming Zhu to third
Runner from 3rd tries for Home, SAFE, no throw
Batting: RHB Dave O'Loan 0-0: Ball
1-0: Fly out, F9 (Flyball, 9S)
Bottom of the 7th over - 2 runs, 2 hits, 0 errors, 1 left on base; St Charles 1 - New Orleans 3
TOP OF THE 8TH
St Charles Sheens batting - Pitching for New Orleans Looters : RHP Roy March
Now in CF: Greg Handrahan
Now in RF: Oliver Deleón
Batting: LHB Jason Lambert 0-0: Called Strike
0-1: Fly out, F8 (Flyball, 8LD)
Batting: RHB Víctor Arredondo 0-0: SINGLE (Flyball, 8RS)
Batting: RHB Miguel Palácios 0-0: Ball
1-0: Ground out 5-3 (Groundball, 56S)
Víctor Arredondo to second
Batting: RHB Jesús Hernández 0-0: Swinging Strike
0-1: Swinging Strike
0-2: Ground out 6-3 (Groundball, 6)
Top of the 8th over - 0 runs, 1 hit, 0 errors, 1 left on base; St Charles 1 - New Orleans 3
BOTTOM OF THE 8TH
New Orleans Looters batting - Pitching for St Charles Sheens : LHP Paul Adams
Pitching: RHP Bill Hines
Batting: RHB John Mendelson 0-0: Ball
1-0: Called Strike
1-1: SOLO HOME RUN (Flyball, 7LD), Distance : 372 ft
Batting: RHB Salvador Salas 0-0: Called Strike
0-1: Fly out, F8 (Flyball, 8LD)
Batting: LHB Tony Abete 0-0: Ball
1-0: Foul Ball, location: 2F
1-1: Ball
2-1: SINGLE (Groundball, 4MD)
Batting: SHB Oliver Deleón 0-0: Ball
1-0: Called Strike
1-1: Ground out 4-3 (Groundball, 4S)
Tony Abete to second
Batting: RHB Greg Handrahan 0-0: Ball
1-0: Called Strike
1-1: Called Strike
1-2: Foul Ball, location: 2F
1-2: Ball
2-2: Foul Ball, location: 2F
2-2: Strikes out swinging
Bottom of the 8th over - 1 run, 2 hits, 0 errors, 1 left on base; St Charles 1 - New Orleans 4
TOP OF THE 9TH
St Charles Sheens batting - Pitching for New Orleans Looters : RHP Roy March
Pitching: LHP Juan Méndez
Batting: RHB Judson Backstrom 0-0: Ball
1-0: Fly out, F3 (Line Drive, 3)
Batting: RHB Sergio Pujols 0-0: Swinging Strike
0-1: Called Strike
0-2: Ground out 6-3 (Groundball, 6)
Batting: LHB Larry Howard 0-0: Ball
1-0: Called Strike
1-1: Ball
2-1: Swinging Strike
2-2: Strikes out swinging
Top of the 9th over - 0 runs, 0 hits, 0 errors, 0 left on base; St Charles 1 - New Orleans 4
Saturday, December 16th, 2017 - OOTP Baseball 18.8 Build 76